 Dungeon Crawl Stone Soup version 0.22-a0-877-g5c4e1afb51 (webtiles) character file.

23 PikkenKukken the Skirmisher (level 3, -5/33 HPs)
             Began as a Ghoul Fighter on July 29, 2018.
             Slain by a worm (9 damage)
             ... on level 2 of the Dungeon.
             The game lasted 00:02:01 (543 turns).

PikkenKukken the Skirmisher (Ghoul Fighter)          Turns: 543, Time: 00:02:02

Health: -5/33      AC:  8    Str: 19    XL:     3   Next: 0%
Magic:  2/2        EV:  7    Int:  3    God:
Gold:   42         SH:  8    Dex:  9    Spells: 2/2 levels left

rFire    . . .     SeeInvis .   a - +0 rapier
rCold    + . .     Gourm    .   c - +0 shield
rNeg     + + +     Faith    .   b - +0 scale mail
rPois    ∞         Spirit   .   i - +2 hat
rElec    .         Reflect  .   (no cloak)
rCorr    .         Harm     .   (no gloves)
MR       .....                  (no boots)
Stlth    ..........             (no amulet)
HPRegen  0.00/turn              (no ring)
MPRegen  0.08/turn              (no ring)

@: rotting
A: rotting body, claws 1, carnivore, cold resistance 1, negative energy
resistance 3, inhibited regeneration, torment resistance, unbreathing
a: no special abilities


You were on level 2 of the Dungeon.
You were not hungry.

You visited 1 branch of the dungeon, and saw 2 of its levels.

You collected 42 gold pieces.

Inventory:

Hand Weapons
 a - a +0 rapier (weapon)
 e - a +2 vampiric short sword
Missiles
 h - 22 bolts
Armour
 b - a +0 scale mail (worn)
 c - a +0 shield (worn)
 i - a +2 hat (worn)
Jewellery
 j - an uncursed ring of see invisible {unknown}
Potions
 d - a potion of might
 l - a potion of resistance {unknown}
Comestibles
 f - a ration


   Skills:
 + Level 3.9 Fighting
 + Level 1.9 Short Blades
 + Level 2.8 Armour
 + Level 0.2 Dodging
 + Level 2.9 Shields


You had 2 spell levels left.
You didn't know any spells.
Your spell library was empty.

Dungeon Overview and Level Annotations

Branches:
Dungeon (2/15)

Altars:
Trog


Innate Abilities, Weirdness & Mutations

Your body is rotting away.
You thrive on raw meat.
You are immune to poison.
You have sharp fingernails.
You are carnivorous and can eat meat at any time.
Your flesh is cold resistant. (rC+)
You are immune to negative energy. (rN+++)
You do not regenerate when monsters are visible.
You are immune to unholy pain and torment.
You can survive without breathing.


Message History

You block the rat's attack. The rat bites you.
* * * LOW HITPOINT WARNING * * *
The worm bites you but does no damage. The rat bites you but does no damage.
The rat bites you.
* * * LOW HITPOINT WARNING * * *
Unknown command.
Your shield and scale mail prevent you from hitting the worm.
You block the rat's attack. You block the worm's attack.
The rat closely misses you. The rat barely misses you.
The worm bites you but does no damage.
You hit the worm.
The worm is moderately wounded.
You block the rat's attack. x2; You block the worm's attack.
The rat barely misses you. The rat bites you but does no damage.
You completely miss the worm.
The worm is lightly wounded.
The moth of wrath goads the worm on!
The worm goes berserk!
The rat bites you but does no damage. You block the worm's attack.
The rat bites you but does no damage. The worm bites you!
You die...

.............
#####.####### #.#
#.####### #####
#.......#
##....###
#######.#
##.......# #÷#
#..w....). #.#
#.rr.#....
#.###.@w###..)
#####...'.w.#y#._.
#......##...###..)
#.###.###....#....
#.# #........) #.#
##.......# #.#
##....### #..
##### ###


You could see a moth of wrath, 3 worms and 2 rats.

Vanquished Creatures
  An ooze (D:1)
  A dart slug (D:1)
  2 goblins (D:1)
  4 hobgoblins (D:1)
  2 bats (D:1)
  4 kobolds (D:1)
  2 rats
16 creatures vanquished.

Notes
Turn   | Place    | Note
-------+----------+-------------------------------------------
     0 | D:1      | PikkenKukken the Ghoul Fighter began the quest for the Orb.
     0 | D:1      | Reached XP level 1. HP: 19/19 MP: 0/0
    24 | D:1      | Reached XP level 2. HP: 21/26 MP: 1/1
   520 | D:2      | Reached XP level 3. HP: 33/33 MP: 2/2
   529 | D:2      | Noticed a moth of wrath
   531 | D:2      | Found a bloodstained altar of Trog.
   543 | D:2      | Slain by a worm

Vault maps used:
D:1:      roderic_octagonal_star
D:2:      tgw_trog, minmay_fountain_box

Action                   || total
-------------------------++-------
Melee: Rapier            ||    67
  Use: Scroll            ||     4
  Eat: Chunk             ||     6
Armor: Scale mail        ||    32
Dodge: Dodged            ||    24
Block: Shield            ||    39

Table legend:
 A = Spawn XP
 B = Non-spawn XP
 C = Spawn XP percentage of total XP
 D = Spawn monster count
 E = Non-spawn monster count
 F = Spawn count percentage of total count
 G = Total turns spent on level
                    A         B        C        D         E        F      G
               +---------+---------+-------+---------+---------+-------+---------
         Total |       0 |      34 |   0.0 |       0 |      16 |   0.0 |   543
               +---------+---------+-------+---------+---------+-------+---------
           D:1 |       0 |      33 |   0.0 |       0 |      15 |   0.0 |   482
           D:2 |       0 |       1 |   0.0 |       0 |       1 |   0.0 |    61
               +---------+---------+-------+---------+---------+-------+---------
